 Dungeon Sprint DCSS version 0.22-a0-348-gd16d139 (webtiles) character file.

371 emperorscorpion the Covert (level 6, -21/43 HPs)
             Began as a Vampire Enchanter on Apr 8, 2018.
             Was a Believer of Sif Muna.
             Demolished by a two-headed ogre
             ... wielding a +0 giant club
              (23 damage)
             ... in the Dungeon (Sprint IX: "|||||||||||||||||||||||||||||").
             The game lasted 00:03:09 (421 turns).

emperorscorpion the Covert (Vampire Enchanter)       Turns: 421, Time: 00:03:09

Health: -21/43     AC:  4    Str: 10    XL:     6   Next: 42%
Magic:  0/13       EV: 15    Int: 21    God:    Sif Muna [**....]
Gold:   0          SH:  0    Dex: 16    Spells: 6/15 levels left

rFire    . . .     SeeInvis +   a - +2 rapier (distort)
rCold    . . .     Gourm    .   (no shield)
rNeg     + . .     Faith    .   b - +0 robe
rPois    .         Spirit   .   r - +0 helmet
rElec    .         Reflect  .   s - +0 cloak
rCorr    .         Harm     .   (no gloves)
MR       .....     NoTele   +   (no boots)
Stlth    +++++.....             (no amulet)
HPRegen  0.14/turn              t - +3 ring of strength
MPRegen  0.13/turn              u - +3 ring of intelligence

@: no status effects
A: fangs 3, see invisible, unbreathing
a: Bat Form, Divine Energy, Renounce Religion


You were in the Dungeon.
You worshipped Sif Muna.
Sif Muna was pleased with you.
You were not thirsty.

You visited 1 branch

Inventory:

Hand Weapons
 a - a +2 rapier of distortion (weapon)
 n - the +2 dire flail of Guamoy {crush, *Noise Int+5 Dex+5}
   (You found it in the Dungeon)

   It inflicts extra damage upon your enemies.
   It affects your intelligence (+5).
   It affects your dexterity (+5).
   It may make noises in combat.
 o - a +2 vampiric halberd
 p - the +7 lajatang of Order {silver, rMut}
   (You found it in the Dungeon)

   It protects you from mutation.
 q - a +1 dagger
Armour
 b - a +0 robe (worn)
 r - a +0 helmet (worn)
 s - a +0 cloak (worn)
Magical Staves
 m - an uncursed staff of energy
Jewellery
 t - a +3 ring of strength (left hand)
 u - a +3 ring of intelligence (right hand)
Wands
 l - a wand of iceblast (10)
Scrolls
 i - 3 scrolls of remove curse
 j - 2 scrolls of blinking
 k - 2 scrolls of amnesia
Potions
 c - a potion of invisibility
 d - 4 potions of blood
 e - 5 potions of curing
 f - 3 potions of heal wounds
 g - a potion of haste
 h - 4 potions of magic


   Skills:
 + Level 1.0 Fighting
 + Level 5.0 Short Blades
 + Level 5.1 Dodging
 + Level 12.5 Stealth
 + Level 5.0 Spellcasting
 + Level 11.7 Hexes


You had 6 spell levels left.
You knew the following spells:

 Your Spells              Type           Power        Failure   Level  Hunger
a - Corona                Hex            ######.      1%          1    None
b - Confuse               Hex            ######..     1%          3    ##.....
c - Ensorcelled Hibernat  Hex/Ice        ####..       1%          2    None
d - Dazzling Spray        Conj/Hex       ####..       2%          3    ##.....


Dungeon Overview and Level Annotations

Branches:
Dungeon (1/1)

Altars:
Cheibriados
Dithmenos
Elyvilon
Fedhas
Gozag
Hepliaklqana
Kikubaaqudgha
Makhleb
Nemelex Xobeh
Okawaru
Qazlal
Ru
Sif Muna
Trog
Uskayaw
Vehumet
Wu Jian
Xom
Yredelemnul
Zin
The Shining One
Beogh
Jiyva
Lugonu


Innate Abilities, Weirdness & Mutations

You have razor-sharp teeth.
You have supernaturally acute eyesight. (SInv)
You can survive without breathing.


Message History

Confirm with . or Enter, or press ? or * to list all spells.
Aiming: Ensorcelled Hibernation (safe; 1% risk of failure)
Press: ? - help, Shift-Dir - straight line, f/p - two-headed ogre
Aim: a two-headed ogre, wielding two giant clubs (chance to defeat MR: 41%)
The two-headed ogre resists with some effort.
The two-headed ogre hits you with a giant club!!
Ouch! That really hurt!
* * * LOW HITPOINT WARNING * * *
The two-headed ogre hits you with a giant club.
* * * LOW HITPOINT WARNING * * *
Casting: Ensorcelled Hibernation (safe; 1% risk of failure)
Confirm with . or Enter, or press ? or * to list all spells.
Aiming: Confuse (safe; 1% risk of failure)
Press: ? - help, Shift-Dir - straight line, f/p - two-headed ogre
Aim: a two-headed ogre, wielding two giant clubs (chance to defeat MR: 57%)
The two-headed ogre resists with significant effort.
The two-headed ogre barely misses you.
The two-headed ogre hits you with a giant club!!
Ouch! That really hurt!
You die...

▓.▓
▓.▓
▓'▓
▓.▓
▓.▓
▓.▓
▓.▓
▓†▓
▓@▓
▓O▓
▓Z▓
▓a▓
▓R▓
▓Q▓
▓Z▓
▓.▓


You could see a rakshasa, a tengu warrior, a two-headed ogre, a soldier ant, a
bat zombie and a jackal zombie.

Vanquished Creatures
  A yak (D)
  An orc warrior (D)
  A bullfrog (D)
  An orc wizard (D)
  A worker ant (D)
  An ooze (D)
  A worm (D)
  A dart slug (D)
  An orc (D)
  2 bats (D)
  A bat skeleton (D)
  A hobgoblin (D)
  A jackal zombie (D)
  A quokka skeleton (D)
  A rat (D)
16 creatures vanquished.

Notes
Turn   | Place    | Note
-------+----------+-------------------------------------------
     0 | D        | emperorscorpion the Vampire Enchanter began the quest for the Orb.
     0 | D        | Reached XP level 1. HP: 13/13 MP: 3/3
     8 | D        | Reached skill level 5 in Hexes
    11 | D        | Reached skill level 5 in Stealth
   301 | D        | Noticed an orc wizard
   305 | D        | Reached XP level 2. HP: 19/19 MP: 5/5
   317 | D        | Reached skill level 6 in Stealth
   317 | D        | Reached XP level 3. HP: 24/24 MP: 5/7
   320 | D        | Reached skill level 7 in Stealth
   327 | D        | Found a roughly hewn altar of Beogh.
   327 | D        | Found a snail-covered altar of Cheibriados.
   327 | D        | Found a shadowy altar of Dithmenos.
   327 | D        | Found a white marble altar of Elyvilon.
   327 | D        | Found a blossoming altar of Fedhas.
   327 | D        | Found an opulent altar of Gozag.
   328 | D        | Found a hazy altar of Hepliaklqana.
   329 | D        | Found a viscous altar of Jiyva.
   330 | D        | Found an ancient bone altar of Kikubaaqudgha.
   331 | D        | Found a corrupted altar of Lugonu.
   332 | D        | Found a burning altar of Makhleb.
   333 | D        | Found a sparkling altar of Nemelex Xobeh.
   334 | D        | Found an iron altar of Okawaru.
   335 | D        | Found a stormy altar of Qazlal.
   336 | D        | Found a sacrificial altar of Ru.
   337 | D        | Found a deep blue altar of Sif Muna.
   338 | D        | Found a bloodstained altar of Trog.
   339 | D        | Found a hide-covered altar of Uskayaw.
   340 | D        | Found a radiant altar of Vehumet.
   341 | D        | Found an ornate altar of the Wu Jian Council.
   342 | D        | Found a shimmering altar of Xom.
   343 | D        | Found a basalt altar of Yredelemnul.
   344 | D        | Found a glowing silver altar of Zin.
   345 | D        | Became a worshipper of Sif Muna the Loreminder
   346 | D        | Found a glowing golden altar of the Shining One.
   364 | D        | Found the +7 lajatang of Order {silver, rMut}
   364 | D        | Got the +2 dire flail of Guamoy {crush, *Noise Int+5 Dex+5}
   392 | D        | Learned a level 3 spell: Confuse
   395 | D        | Learned a level 2 spell: Ensorcelled Hibernation
   395 | D        | Noticed a bullfrog
   395 | D        | Noticed a yak
   395 | D        | Noticed an orc warrior
   399 | D        | Reached XP level 4. HP: 30/30 MP: 9/9
   401 | D        | Killed a bullfrog
   401 | D        | Reached skill level 9 in Stealth
   404 | D        | Reached * piety under Sif Muna
   404 | D        | Reached XP level 5. HP: 35/35 MP: 9/11
   407 | D        | Killed a yak
   407 | D        | Reached skill level 11 in Stealth
   407 | D        | Reached XP level 6. HP: 42/42 MP: 9/13
   410 | D        | Killed an orc warrior
   410 | D        | Reached ** piety under Sif Muna
   410 | D        | Reached skill level 1 in Fighting
   410 | D        | Reached skill level 5 in Short Blades
   410 | D        | Reached skill level 5 in Dodging
   410 | D        | Reached skill level 12 in Stealth
   410 | D        | Reached skill level 5 in Spellcasting
   417 | D        | Learned a level 3 spell: Dazzling Spray
   417 | D        | Noticed a two-headed ogre
   417 | D        | Noticed a soldier ant
   417 | D        | Noticed a rakshasa
   417 | D        | Noticed a tengu warrior
   420 | D        | HP: 2/43 [two-headed ogre/giant club (3)]
   421 | D        | Demolished by a two-headed ogre

Vault maps used:
D:        linesprint

Skill      XL: |  1  2  3  4  5  6 |
---------------+-------------------+-----
Hexes          | 6 7 8 9 11 | 11.7
Stealth        | 5 6 7 9 11 12 | 12.5
Dodging        | 3 4 5 |  5.1
Spellcasting   | 3 4 5 |  5.0
Short Blades   | 2 3 4 5 |  5.0
Fighting       | 1 |  1.0

Action                   |  1- 3 |  4- 6 || total
-------------------------+-------+-------++-------
Melee: Dagger            |    46 |     6 ||    52
       Bite              |     1 |       ||     1
 Cast: Ensorcelled Hiber |       |     4 ||     4
       Confuse           |       |     1 ||     1
  Use: Potion            |     1 |       ||     1
 Stab: Sleeping          |     2 |     3 ||     5
Armor: Robe              |     7 |       ||     7
Dodge: Dodged            |    23 |     3 ||    26

Table legend:
 A = Spawn XP
 B = Non-spawn XP
 C = Spawn XP percentage of total XP
 D = Spawn monster count
 E = Non-spawn monster count
 F = Spawn count percentage of total count
 G = Total turns spent on level
                    A         B        C        D         E        F      G
               +---------+---------+-------+---------+---------+-------+---------
         Total |       0 |     531 |   0.0 |       0 |      16 |   0.0 |   421
               +---------+---------+-------+---------+---------+-------+---------
             D |       0 |     531 |   0.0 |       0 |      16 |   0.0 |   421
               +---------+---------+-------+---------+---------+-------+---------
